 Dungeon Crawl Stone Soup version 0.28.0-53-g5a82cb258f (webtiles) character file.

Game seed: 3415279744760131684

33 PuuKala the Ruffian (level 3, 36/36 HPs)
             Began as a Troll Monk on Apr 29, 2022.
             Quit the game on level 1 of the Dungeon on Aug 14, 2022.
             The game lasted 00:11:08 (683 turns).

PuuKala the Ruffian (Troll Monk)                     Turns: 683, Time: 00:11:08

Health: 36/36      AC:  4    Str: 21    XL:     3   Next: 12%
Magic:  2/2        EV: 10    Int:  6    God:
Gold:   0          SH:  0    Dex: 12    Spells: 2/2 levels left

rFire   . . .      SeeInvis .     - Unarmed
rCold   . . .      Faith    .   (no shield)
rNeg    . . .      Spirit   .   a - +0 robe
rPois   .          Reflect  .   (helmet restricted)
rElec   .          Harm     .   (no cloak)
rCorr   .          Rampage  .   (gloves unavailable)
Will    .....                   (boots unavailable)
Stlth   ++........              (no amulet)
HPRegen 0.92/turn               (no ring)
MPRegen 0.08/turn               (no ring)

@: no status effects
A: large, unfitting armour, claws 3, regeneration 1, shaggy fur 1, tough skin 1
a: no special abilities


You were on level 1 of the Dungeon.
You visited 1 branch of the dungeon, and saw 1 of its levels.

Inventory:

Missiles
 d - 16 stones (quivered)
Armour
 a - a +0 robe (worn)
Potions
 b - a potion of curing {unknown}
 c - a potion of might {unknown}


   Skills:
 + Level 2.7 Fighting
 * Level 0.2 Throwing
 + Level 2.7 Dodging
 - Level 1.0 Stealth
 + Level 3.6 Unarmed Combat


You had 2 spell levels left.
You didn't know any spells.
Your spell library was empty.

Dungeon Overview and Level Annotations

Branches:
Dungeon (1/15)

Altars:


Innate Abilities, Weirdness & Mutations

You are too large for most types of armour.
You have claws for hands.
Your natural rate of healing is unusually fast.
You are covered in fur. (AC +1)
You have tough skin. (AC +1)


Message History

The hobgoblin is lightly wounded.
The jackal barely misses you. The hobgoblin closely misses you.
You closely miss the hobgoblin.
The hobgoblin is lightly wounded.
The jackal closely misses you. The hobgoblin closely misses you.
You scratch the hobgoblin.
The hobgoblin is heavily wounded.
The jackal barely misses you. The hobgoblin barely misses you.
The jackal barely misses you.
You barely miss the hobgoblin.
The hobgoblin is heavily wounded.
The jackal bites you but does no damage.
The hobgoblin barely misses you.
You claw the hobgoblin!
You kill the hobgoblin!
The jackal bites you.
You barely miss the jackal. The jackal bites you.
The jackal bites you but does no damage.
You scratch the jackal.
You kill the jackal!
No target in view!
No target in view!
No target in view!
No target in view!
Unknown command.
There's nothing to close nearby.
No target in view!
You see here a jackal corpse.
A hobgoblin comes into view.
You scratch the hobgoblin but do no damage.
The hobgoblin hits you but does no damage.
You claw the hobgoblin!
You kill the hobgoblin!
No target in view!
Your movement speed is average.
Your attack delay is about 0.9.
Your movement speed is average.
Your attack delay is about 0.9.
Are you sure you want to abandon this character and quit the game? (Confirm with "yes".)

#.......#
##≈≈≈##≈≈#......
##.....##
#.#≈.#≈###...#. ##..†##
#.#≈.≈≈# #. ##.##
##+#.≈≈## #.#
#####>..#≈##
#.#####.........#
#..#....††......## #
#........†.......#
..>........♣♣†..@.....+
######.....♣♣.♣.......#
#..#....♣.......##
#.##....♣♣.....##
#..##..........##
#.###........+## #.
########. .


There were no monsters in sight!

Vanquished Creatures
  A dart slug (D:1)
  3 ball pythons (D:1)
  2 bats (D:1)
  2 endoplasms (D:1)
  A giant cockroach (D:1)
  3 goblins (D:1)
  5 hobgoblins (D:1)
  4 jackals (D:1)
  2 frilled lizards (D:1)
  A kobold (D:1)
  3 rats (D:1)
27 creatures vanquished.

Notes
Turn   | Place    | Note
-------+----------+-------------------------------------------
     0 | D:1      | PuuKala the Troll Monk began the quest for the Orb.
     0 | D:1      | Reached XP level 1. HP: 22/22 MP: 0/0
   277 | D:1      | Reached XP level 2. HP: 29/29 MP: 1/1
   595 | D:1      | Upgraded the game from 0.28.0-47-ge53b351184 to
                  | 0.28.0-53-g5a82cb258f
   657 | D:1      | Reached XP level 3. HP: 26/36 MP: 2/2
   683 | D:1      | Quit the game

Illustrated notes

Levels and vault maps discovered:
D:1:      matt_arrival_refuge, layout_loops_corners, serial_rivers,
          chequers_serial_rivers_small_b, chequers_serial_rivers_room_b,
          chequers_serial_rivers_micro_d, chequers_serial_rivers_micro_e,
          chequers_garden, minmay_shallow_snake_nest

Action                   || total
-------------------------++-------
Melee: Unarmed           ||    74
Throw: Stone             ||    17
 Stab: Sleeping          ||     1
Armor: Robe              ||    33
Dodge: Dodged            ||    55
